 Dungeon Crawl Stone Soup version 0.29.1-2-gbd0b4ee654 (webtiles) character file.

Game seed: 16222654465310190419

928 GorkyZ the Trooper (level 7, -1/55 HPs)
             Began as a Demonspawn Fighter on Nov 19, 2022.
             Was a Plaything of Xom.
             Slain by a hellwing (9 damage)
             ... summoned by Xom
             ... on level 5 of the Dungeon.
             The game lasted 00:18:31 (5492 turns).

GorkyZ the Trooper (Demonspawn Fighter)             Turns: 5492, Time: 00:18:32

Health: -1/55      AC: -10   Str: 18    XL:     7   Next: 85%
Magic:  7/7        EV:  7    Int: 10    God:    Xom [......]
Gold:   231        SH:  0    Dex: 12    Spells: 6/6 levels left

rFire   . . .      SeeInvis .   a - +1 flail (vamp)
rCold   . . .      Faith    .   c - +1 buckler
rNeg    . . .      Spirit   .   u - +18 Lear's hauberk
rPois   .          Reflect  .   (helmet currently unavailable)
rElec   .          Harm     .   (no cloak)
rCorr   .          Rampage  .   (gloves currently unavailable)
Will    .....                   (boots currently unavailable)
Stlth   ..........              (no amulet)
HPRegen 0.18/turn               (no ring)
MPRegen 0.10/turn               (no ring)

@: confused, ambrosia-drunk, corroded
A: horns 1, foul stench 1, sharp scales 2, condensation shield
a: Renounce Religion


You were on level 5 of the Dungeon.
You worshipped Xom.
You were a very special plaything of Xom.
You visited 2 branches of the dungeon, and saw 6 of its levels.

You collected 231 gold pieces.

Inventory:

Hand Weapons
 a - a +1 vampiric flail (weapon)
 s - a +1 morningstar of protection
 y - the +3 war axe of the Thieving Scorpion {vorpal, rElec rPois}
   (You found it on level 4 of the Dungeon)

   It inflicts extra damage upon your enemies.
   rElec:     It insulates you from electricity.
   rPois:     It protects you from poison.
Missiles
 f - 16 poisoned darts (quivered)
 r - 4 boomerangs
Armour
 b - a +0 scale mail
 c - a +1 buckler (worn)
 q - a +0 helmet
 u - the +18 Lear's hauberk (worn)
   (You found it on level 3 of the Dungeon)
 w - a +2 pair of boots
Jewellery
 h - an amulet of magic regeneration
 t - a ring of poison resistance
Wands
 n - a wand of digging (8)
Scrolls
 g - a scroll of teleportation
 j - 2 scrolls of poison {unknown}
 p - 2 scrolls of immolation
 v - 2 scrolls of identify
Potions
 d - a potion of might
 e - a potion of attraction {unknown}
 i - a potion of magic {unknown}
 k - a potion of resistance
 o - 3 potions of flight
 x - a potion of heal wounds


   Skills:
 + Level 4.8 Fighting
 + Level 3.8 Maces & Flails
 + Level 3.2 Throwing
 + Level 4.2 Armour
 - Level 2.6 Dodging
 + Level 4.2 Shields


You had 6 spell levels left.
You didn't know any spells.
Your spell library was empty.

Dungeon Overview and Level Annotations

Branches:
Dungeon (5/15)             Temple (1/1) D:5

Altars:
Ashenzari
Cheibriados
Dithmenos
Hepliaklqana
Makhleb
Nemelex Xobeh
Ru
Sif Muna
Trog
Vehumet
Wu Jian
Xom
Yredelemnul


Innate Abilities, Weirdness & Mutations

You have a pair of small horns on your head.
You may rarely emit foul miasma when damaged in melee.
You are mostly covered in razor-sharp scales. (AC +2, Slay +2)
A meltable shield of frost defends you. (SH +4)


Message History

The rust devil hits you. The rust devil corrodes you!
You barely miss the rust devil.
You headbutt the rust devil, but do no damage.
The rust devil is moderately wounded.
Xom's power almost touches on you for a moment.
Your buckler spins!
The rust devil hits you. The rust devil corrodes you!
You closely miss the rust devil.
The rust devil is moderately wounded.
The rust devil hits you. The rust devil corrodes you!
You hit the rust devil.
You headbutt the rust devil, but do no damage.
The rust devil is moderately wounded.
The rust devil hits you. The rust devil corrodes you!
You emit a cloud of foul miasma!
The rust devil hits you. The rust devil corrodes you!
You hit the rust devil but do no damage.
The rust devil is moderately wounded.
The crimson imp blinks!
The rust devil hits you.
* * * LOW HITPOINT WARNING * * *
The rust devil corrodes you!
You closely miss the rust devil.
You headbutt the rust devil, but do no damage.
The rust devil is moderately wounded.
The crimson imp shouts, "Crawl home, thou craven roguish minnow reeky!"
The rust devil hits you!
* * * LOW HITPOINT WARNING * * *
The rust devil corrodes you!
You feel better. The rust devil hits you!
* * * LOW HITPOINT WARNING * * *
The rust devil corrodes you!
You are confused.
You feel invigorated. The rust devil barely misses you.
The hellwing swoops through the air toward you!
The hellwing barely misses you. The hellwing hits you.
* * * LOW HITPOINT WARNING * * *
Unknown command.
You hit the hellwing but do no damage. The hellwing barely misses you.
The hellwing hits you!
You die... "It's all fun and games until someone loses an eye."

####'#.# #... #.#.# #...
#.#.# ##.# #.#.# #.# ###
.######.#.# ##.
.........#.#.###### #.
...........##...####.
..###.###..#..#..#..##.#
......4@4.###...###....#
..###.###55#..#..#..#...
# #....###...##...
#.###.#.## ##.......
#(....#
#........###...###.#
#.....#
#####..#..#..#.....#
#.....# #.###...###.####
#.....# ###..#.....#...#
#.....#
########............#.#


You could see a hellwing (summoned), a rust devil (summoned), a crimson imp
(summoned) and an ufetubus (summoned).

Vanquished Creatures
  Sigmund (D:3)
  A black bear (D:4)
  An ogre (D:5)
  Blork the orc (D:4)
  A howler monkey (D:5)
  A hound (D:5)
  An orc priest (D:5)
  A jelly (D:3)
  A gnoll bouda (D:5)
  2 iguanas
  Natasha (thrice) (D:2)
  An orc wizard (D:3)
  7 adders
  4 gnolls (D:5)
  A white imp (D:3)
  An ufetubus (D:5)
  2 worms
  A dart slug (D:4)
  6 orcs
  6 bats
  8 endoplasms
  3 giant cockroaches
  8 hobgoblins
  6 quokkas
  10 ball pythons
  4 frilled lizards
  6 goblins
  12 kobolds
  7 rats
107 creatures vanquished.

Notes
Turn   | Place    | Note
-------+----------+-------------------------------------------
     0 | D:1      | GorkyZ the Demonspawn Fighter began the quest for the Orb.
     0 | D:1      | Reached XP level 1. HP: 18/18 MP: 1/1
   131 | D:1      | Gained mutation: You are partially covered in razor-sharp
                  | scales. (AC +1, Slay +1) [demonic ancestry]
   131 | D:1      | Reached XP level 2. HP: 8/24 MP: 2/2
   931 | D:2      | Reached skill level 1 in Throwing
   931 | D:2      | Gained mutation: You are mostly covered in razor-sharp
                  | scales. (AC +2, Slay +2) [demonic ancestry]
   931 | D:2      | Reached XP level 3. HP: 28/29 MP: 3/3
   960 | D:2      | Noticed Natasha
   968 | D:2      | Killed Natasha
   969 | D:2      | Reached skill level 1 in Dodging
  1291 | D:2      | Gained mutation: A meltable shield of frost defends you.
                  | (SH +4) [demonic ancestry]
  1291 | D:2      | Reached XP level 4. HP: 27/35 MP: 4/4
  1373 | D:2      | Noticed Natasha
  1379 | D:2      | Killed Natasha
  1951 | D:2      | Noticed Natasha
  1958 | D:2      | Killed Natasha
  1959 | D:2      | Reached XP level 5. HP: 37/42 MP: 5/5
  2359 | D:3      | Noticed Sigmund
  2380 | D:3      | Killed Sigmund
  2381 | D:3      | Gained mutation: You may rarely emit foul miasma when
                  | damaged in melee. [demonic ancestry]
  2381 | D:3      | Reached XP level 6. HP: 5/48 MP: 6/6
  3088 | D:3      | Found the +18 Lear's hauberk
  3455 | D:3      | Found a faded altar of an unknown god.
  3816 | D:4      | Identified the +3 war axe of the Thieving Scorpion {vorpal,
                  | rElec rPois}
  3949 | D:4      | Noticed Blork the orc
  3967 | D:4      | Killed Blork the orc
  3968 | D:4      | Gained mutation: You have a pair of small horns on your
                  | head. [demonic ancestry]
  3968 | D:4      | Reached XP level 7. HP: 17/44 MP: 7/7
  4825 | D:5      | Entered Level 5 of the Dungeon
  4905 | D:5      | Found a staircase to the Ecumenical Temple.
  4950 | Temple   | Entered the Ecumenical Temple
  5043 | Temple   | Became a worshipper of Xom of Chaos
  5107 | D:5      | XOM: 2-stop teleportation journey
  5220 | D:5      | XOM: 2-stop teleportation journey
  5443 | D:5      | XOM is BORED!
  5467 | D:5      | XOM: summons 4 hostile demons
  5468 | D:5      | Noticed a rust devil
  5468 | D:5      | Noticed a hellwing
  5485 | D:5      | XOM: silly message
  5490 | D:5      | HP: 2/55 [rust devil[Xom] (8)]
  5492 | D:5      | Slain by a hellwing

Illustrated notes

Levels and vault maps discovered:
D:1:      erik_arrival_blinker_ship, layout_rooms
D:2:      layout_basic, nrook_campfire, grunt_decor_clamped, uniq_natasha
D:3:      wander_river, layout_basic, basic_ecumenical_altar, uniq_sigmund
D:4:      layout_loops_ring, serial_rivers, chequers_serial_rivers_small_b,
          chequers_serial_rivers_large_b, chequers_serial_rivers_room_a,
          chequers_serial_rivers_marsh, chequers_serial_rivers_micro_c,
          uniq_blork_the_orc
D:5:      layout_basic, nicolae_gozag_seed_capital, nicolae_uskayaw_dance_hall,
          minmay_temple_entry_steel_oval, minmay_misc_feat_plants,
          minmay_strange_pillars
Temple:   hellmonk_temple_of_storms

Skill      XL: |  1  2  3  4  5  6  7 |
---------------+----------------------+-----
Maces & Flails | 2 3 |  3.8
Throwing       | 1 2 3 |  3.2
Armour         | 3 4 |  4.2
Dodging        | 1 2 |  2.6
Shields        | 3 4 |  4.2
Fighting       | 4 |  4.8

Action                   |  1- 3 |  4- 6 |  7- 9 || total
-------------------------+-------+-------+-------++-------
Melee: Flail             |   128 |   182 |    84 ||   394
       Headbutt          |       |       |    26 ||    26
  Use: Scroll            |     6 |     8 |       ||    14
       Potion            |       |       |     2 ||     2
Armor: Scale mail        |    68 |    33 |       ||   101
       Chain mail        |       |    47 |    93 ||   140
Dodge: Dodged            |    59 |    61 |    36 ||   156
Block: Buckler           |    43 |    93 |    61 ||   197
